 Dungeon Crawl Stone Soup version 0.32-a0-614-gd166fa89d2 (webtiles) character file.

Game seed: 3821079357055074136

13726 mopl the Carver (level 12, -1/138 HPs)
             Began as a Merfolk Fighter on Mar 5, 2024.
             Was a High Priest of Okawaru.
             Slain by a skeletal warrior
             ... wielding a +0 war axe
              (6 damage)
             ... on level 11 of the Dungeon.
             The game lasted 00:17:11 (10429 turns).

mopl the Carver (Merfolk Fighter)                  Turns: 10429, Time: 00:17:12

Health: -1/138     AC: 26    Str: 19    XL:     12   Next: 9%
Magic:  15/17      EV:  2    Int: 12    God:    Okawaru [*****.]
Gold:   703        SH:  6    Dex: 13    Spells: 8/11 levels left

rFire   + . .        a - +2 scimitar
rCold   . . .        c - +0 buckler
rNeg    . . .        C - melded +0 plate armour
rPois   +            w - melded +2 helmet
rElec   .            p - melded scarf {+Inv}
rCorr   .            z - melded +0 pair of gloves
SInv    .            T - melded +2 pair of boots
Will    +....        P - amulet of faith {!P}
Stlth   +++          g - ring of willpower
HPRegen 0.43/turn    B - ring of protection from fire
MPRegen 0.15/turn

%: faith
@: tree-form, heroic, attractive
A: stationary, stasis, torment immunity, boosted hp, (nimble swimmer 2),
(mertail), (iridescent scales 1), clever 1, deterioration 1
a: Renounce Religion, Heroism, Finesse, Duel


You were on level 11 of the Dungeon.
You worshipped Okawaru.
Okawaru was extremely pleased with you.
You were a tree.
You visited 2 branches of the dungeon, and saw 12 of its levels.
You also visited: Ossuary.

You collected 703 gold pieces.

Inventory:

Hand Weapons
 a - a +2 scimitar (weapon)
 b - a +0 falchion of flaming
 L - a +1 spear of freezing
Missiles
 i - 9 boomerangs
 j - 14 poisoned darts (quivered)
 J - 6 curare-tipped darts
Armour
 c - a +0 buckler (worn)
 p - a scarf of invisibility (melded)
 w - a +2 helmet (melded)
 z - a +0 pair of gloves (melded)
 C - a +0 plate armour (melded)
 E - a +2 robe of resistance
 S - +0 acid dragon scales
 T - a +2 pair of boots (melded)
 V - an orb of light
Jewellery
 g - a ring of willpower (left branch)
 n - an amulet of regeneration
 B - a ring of protection from fire (right branch)
 P - an amulet of faith (around neck) {!P}
 U - a ring of flight
 X - a ring of ice
Wands
 t - a wand of roots (5)
 D - a wand of polymorph (5)
 K - a wand of acid (5)
Scrolls
 e - 3 scrolls of enchant armour {unknown}
 f - 2 scrolls of immolation
 h - 2 scrolls of torment {unknown}
 q - 2 scrolls of noise {unknown}
 r - 6 scrolls of enchant weapon {unknown}
 s - 2 scrolls of teleportation {unknown}
 u - 4 scrolls of fear {unknown}
 x - 6 scrolls of identify {unknown}
 y - a scroll of revelation {unknown}
 A - 5 scrolls of fog {unknown}
 I - a scroll of blinking {unknown}
 M - 3 scrolls of poison {unknown}
 N - a scroll of silence {unknown}
 Q - a scroll of amnesia {unknown}
 R - a scroll of acquirement {unknown}
Potions
 d - a potion of might
 k - 2 potions of brilliance
 l - 3 potions of curing
 m - 2 potions of mutation {!q}
 o - 2 potions of lignification {!q}
 v - a potion of resistance {unknown}
 F - a potion of degeneration {unknown}
 G - a potion of enlightenment {unknown}
 H - 2 potions of cancellation
 O - 2 potions of attraction
 W - a potion of magic {unknown}


   Skills:
 + Level 8.1(13.1) Fighting
 * Level 12.9(17.9) Long Blades
 + Level 6.5(11.5) Throwing
 + Level 5.5(10.5) Armour
 + Level 8.2(13.2) Dodging
 - Level 3.0(8.0) Shields
 + Level 6.8 Invocations
 + Level 6.2 Evocations


You had 8 spell levels left.
You knew the following spells:

 Your Spells              Type           Power      Damage    Failure   Level
a - Apportation           Tloc           0%         N/A       36%         1
e - Blink                 Tloc           0%         N/A       52%         2

Your spell library contained the following spells:

 Spells                   Type           Power      Damage    Failure   Level
 Magic Dart               Conj           0%         1d3       36%         1
 Necrotise                Necr           0%         1d4       36%         1
 Sting                    Conj/Alch      0%         1d3       36%         1
 Vhi's Electric Charge    Tloc/Air       0%         N/A       98%         4
 Arcjolt                  Conj/Air       0%         1d10      100%        5
 Iskenderun's Battlesphe  Conj           0%         2d6       100%        5
 Bombard                  Conj/Erth      0%         9d1       100%        6
 Plasma Beam              Fire/Air       0%         2x1d10    100%        6
 Summon Small Mammal      Summ           Unusable   N/A       N/A         1
 Call Imp                 Summ           Unusable   N/A       N/A         2
 Spellforged Servitor     Conj/Summ      Unusable   N/A       N/A         7

Dungeon Overview and Level Annotations

Branches:
Dungeon (11/15)            Temple (1/1) D:4            Lair (0/5) D:10
    Orc (0/2) D:10        Ossuary (visited)

Altars:
Ashenzari
Cheibriados
Dithmenos
Elyvilon
Fedhas
Gozag
Hepliaklqana
Kikubaaqudgha
Makhleb
Nemelex Xobeh
Okawaru
Qazlal
Ru
Sif Muna
Trog
Uskayaw
Vehumet
Wu Jian
Xom
Yredelemnul
Zin
The Shining One

Shops:
D:5 :   D:9 :

Portals:
Trove: D:10 (give +4 fire dragon scales)

Annotations:
D:4 2 transporters, Nebesus's ghost, amateur GrFi
D:6 1 runed translucent door, Flippered's ghost, novice VSNe
D:11 2 transporters, starts1789's ghost, journeyman TeCj


Innate Abilities, Weirdness & Mutations

You are a tree.
Your roots penetrate the ground, keeping you stationary.
You cannot be teleported.
You are immune to unholy pain and torment.
Your maximum health is greatly increased.
Your equipment is partially melded.
((You are very nimble when in or above water. (Stealth+, EV+, Speed+++)))
((Your lower body shifts to a powerful aquatic tail in water.))
((You are partially covered in iridescent scales. (AC +2)))
Your mind is acute. (Int +4, Str/Dex -1)
Your body sometimes deteriorates upon taking damage.


Message History

You hit the vampire.
The vampire is almost destroyed.
The vampire draws life force from you.
* * * LOW HITPOINT WARNING * * *
The vampire is healed by the life force!
You slice the vampire!!
You destroy the vampire!
Okawaru accepts your kill.
It was a potion of brilliance.
You feel clever all of a sudden.
It was a potion of mutation.
You feel extremely strange.
You feel clever.
You feel yourself wasting away.
Iridescent scales grow over part of your body.
It was a potion of cancellation.
Your magical effects are unravelling.
You feel magically purged.
You feel less wooden.
Your scarf of invisibility unmelds from your body.
Your +2 helmet unmelds from your body.
Your +0 pair of gloves unmelds from your body.
Your +2 pair of boots unmelds from your body.
Your +0 plate armour unmelds from your body.
You become transparent for a moment.
You feel a little less clever now.
The sentinel's mark upon you fades away.
The skeletal warrior hits you with a +0 war axe.
* * * LOW HITPOINT WARNING * * *
It was a potion of attraction.
You feel attractive to monsters.
You turn into a tree.
Your scarf of invisibility melds into your body.
Your +2 helmet melds into your body.
Your +0 pair of gloves melds into your body.
Your +2 pair of boots melds into your body.
Your +0 plate armour melds into your body.
Your roots penetrate the ground.
The skeletal warrior hits you but does no damage.
You gain the combat prowess of a mighty hero.
The skeletal warrior hits you with a +0 war axe.
You die...

#.# #.#
#.# #.# #
#.# .#
#.###.###
#.#.....#
#♣#.....#
#z#.o...##
#zz)......
###.....##
.##### .#
.# .# @#


You could see 3 skeletal warriors.

Vanquished Creatures
  Fannar (D:11)
  Erolcha (D:10)
  Harold (D:11)
  A two-headed ogre (D:10)
  Nergalle (D:9)
  An ugly thing (D:11)
  Pikel (D:7)
  An unseen horror (D:10)
  A troll (D:7)
  2 shadows
  3 wyverns
  A wraith (D:11)
  7 yaks
  A vampire (D:11)
  6 vampire mosquitoes
  A golden eye (D:11)
  A warg (D:10)
  Menkaure (D:3)
  Edmund (D:4)
  3 water moccasins
  3 acid dragons
  A two-headed ogre zombie (D:10)
  5 orc warriors
  An ice beast (D:6)
  3 black bears
  2 ogres
  A sky beast (D:6)
  4 centaurs
  2 wolves (D:9)
  4 phantoms
  A kobold brigand (D:7)
  3 lemures (D:7)
  2 bullfrogs
  Blork the orc (D:4)
  5 scorpions
  7 wights
  A troll zombie (D:10)
  13 killer bees
  7 howler monkeys
  2 centaur zombies (Ossuary)
  4 hounds
  3 jellies
  A bombardier beetle (D:3)
  2 gnoll boudas
  13 orc priests
  2 iguanas (D:5)
  12 orc wizards
  Natasha (thrice) (Temple)
  Terence (D:3)
  3 crocodile zombies (Ossuary)
  6 ogre zombies (D:10)
  3 mummies (Ossuary)
  Robin (D:4)
  17 gnolls
  7 adders
  2 ufetubi (D:5)
  2 dart slugs (D:1)
  44 orcs
  7 ball pythons
  5 bats
  5 endoplasms
  11 hobgoblins
  9 jackals
  12 kobolds
  A quokka (D:1)
  2 frilled lizards
  5 gnoll skeletons (D:10)
  5 gnoll zombies
  11 goblins
  3 kobold zombies (Ossuary)
  6 orc skeletons (D:10)
  12 orc zombies (D:10)
  6 rats
330 creatures vanquished.

Vanquished Creatures (others)
  An arcanist (D:8)
  An orc wizard (D:9)
2 creatures vanquished.

Grand Total: 332 creatures vanquished

Notes
Turn   | Place    | Note
-------+----------+-------------------------------------------
     0 | D:1      | mopl the Merfolk Fighter began the quest for the Orb.
     0 | D:1      | Reached XP level 1. HP: 18/18 MP: 1/1
   105 | D:1      | Reached skill level 3 in Long Blades
   108 | D:1      | Reached XP level 2. HP: 24/24 MP: 2/2
   218 | D:1      | Found a faded altar of an unknown god.
   697 | D:2      | Reached skill level 4 in Long Blades
   789 | D:2      | Reached XP level 3. HP: 29/29 MP: 3/3
  1148 | D:3      | Noticed Terence
  1159 | D:3      | Killed Terence
  1160 | D:3      | Reached skill level 5 in Long Blades
  1160 | D:3      | Reached XP level 4. HP: 35/35 MP: 4/4
  1326 | D:3      | Reached skill level 6 in Long Blades
  1326 | D:3      | Reached XP level 5. HP: 41/41 MP: 5/5
  1451 | D:3      | Found an iron altar of Okawaru.
  1533 | D:3      | Became a worshipper of Warmaster Okawaru
  1935 | D:3      | Reached skill level 7 in Long Blades
  1938 | D:3      | Reached XP level 6. HP: 37/47 MP: 6/6
  2085 | D:4      | Noticed Menkaure
  2095 | D:3      | Killed Menkaure
  2096 | D:3      | Reached skill level 1 in Throwing
  2096 | D:3      | Reached skill level 1 in Dodging
  2096 | D:3      | Reached skill level 1 in Invocations
  2122 | D:4      | Reached * piety under Okawaru
  2123 | D:4      | Reached skill level 1 in Evocations
  2123 | D:4      | Reached XP level 7. HP: 53/53 MP: 6/8
  2145 | D:4      | Reached skill level 2 in Dodging
  2168 | D:4      | Reached skill level 4 in Fighting
  2171 | D:4      | Found a staircase to the Ecumenical Temple.
  2177 | D:4      | Noticed Natasha
  2182 | Temple   | Found a transporter.
  2182 | Temple   | Found a transporter.
  2182 | Temple   | Found a transporter.
  2182 | Temple   | Found a transporter.
  2182 | Temple   | Entered the Ecumenical Temple
  2187 | Temple   | Killed Natasha
  2190 | Temple   | Noticed Natasha
  2220 | Temple   | Killed Natasha
  2220 | Temple   | Noticed Natasha
  2228 | Temple   | Killed Natasha
  2276 | D:4      | Reached skill level 2 in Invocations
  2284 | D:4      | Noticed Nebesus's ghost (amateur GrFi)
  2294 | D:4      | Found a transporter.
  2320 | D:4      | Found a sparkling altar of Nemelex Xobeh.
  2399 | D:4      | Found a transporter.
  2437 | D:4      | Noticed Robin
  2449 | D:4      | Killed Robin
  2450 | D:4      | Reached skill level 8 in Long Blades
  2610 | D:4      | Noticed Edmund
  2619 | D:4      | Reached skill level 2 in Throwing
  2619 | D:4      | Reached XP level 8. HP: 21/61 MP: 9/9
  2637 | D:4      | Reached skill level 2 in Evocations
  2664 | D:4      | Killed Edmund
  2664 | D:4      | Reached ** piety under Okawaru
  2665 | D:4      | Reached skill level 3 in Dodging
  2688 | D:4      | Noticed Blork the orc
  2698 | D:4      | Reached skill level 3 in Armour
  2707 | D:4      | Killed Blork the orc
  2839 | D:4      | Found a glowing silver altar of Zin.
  2907 | D:5      | Entered Level 5 of the Dungeon
  3300 | D:5      | Reached skill level 3 in Invocations
  3449 | D:5      | Reached skill level 3 in Throwing
  3470 | D:5      | Found Vappupopp's Vocational Training.
  3581 | D:5      | Reached skill level 5 in Fighting
  3581 | D:5      | Reached skill level 9 in Long Blades
  3809 | D:5      | Reached skill level 4 in Dodging
  3814 | D:6      | Reached XP level 9. HP: 66/68 MP: 11/11
  3831 | D:6      | Reached skill level 3 in Evocations
  3920 | D:6      | Learned a level 1 spell: Apportation
  3923 | D:6      | Learned a level 2 spell: Blink
  4418 | D:6      | Found a runed translucent door.
  4418 | D:6      | Noticed Flippered's ghost (novice VSNe)
  4418 | D:6      | Noticed a two-headed ogre
  4527 | D:6      | Reached *** piety under Okawaru
  4573 | D:6      | Reached skill level 4 in Invocations
  4661 | D:6      | Reached skill level 5 in Dodging
  4665 | D:6      | Found a sacrificial altar of Ru.
  4695 | D:6      | Found an ornate altar of the Wu Jian Council.
  4748 | D:6      | Reached skill level 4 in Throwing
  5200 | D:7      | Noticed Pikel
  5248 | D:7      | Killed Pikel
  5249 | D:7      | Reached skill level 10 in Long Blades
  5249 | D:7      | Reached skill level 4 in Armour
  5249 | D:7      | Reached skill level 4 in Evocations
  5267 | D:7      | Reached skill level 6 in Fighting
  5267 | D:7      | Reached XP level 10. HP: 40/76 MP: 13/13
  5286 | D:7      | Found a sand-covered staircase.
  5310 | Ossuary  | Entered an ossuary
  5548 | D:7      | Reached **** piety under Okawaru
  5744 | D:7      | Found a white marble altar of Elyvilon.
  5870 | D:7      | Found a stormy altar of Qazlal.
  6021 | D:7      | Reached skill level 6 in Dodging
  6113 | D:7      | Reached skill level 5 in Invocations
  6232 | D:8      | Reached skill level 11 in Long Blades
  6263 | D:8      | Reached skill level 5 in Throwing
  6376 | D:8      | Found a bloodstained altar of Trog.
  6382 | D:8      | Noticed a wizard
  6386 | D:8      | Killed a wizard
  6427 | D:8      | Found a shimmering altar of Xom.
  6714 | D:9      | Found Ihagesa's Book Shop.
  6761 | D:9      | Reached skill level 5 in Evocations
  6914 | D:9      | Reached ***** piety under Okawaru
  6915 | D:9      | Reached XP level 11. HP: 33/83 MP: 15/15
  7133 | D:9      | Reached skill level 7 in Fighting
  7323 | D:9      | Identified the +6 flail "Hirerr" {freeze, rElec rC+ Dex+3}
  7444 | D:10     | Entered Level 10 of the Dungeon
  7527 | D:9      | Reached skill level 7 in Dodging
  7751 | D:10     | Noticed a two-headed ogre
  7763 | D:10     | Killed a two-headed ogre
  7776 | D:10     | Reached skill level 5 in Armour
  8037 | D:10     | Reached skill level 6 in Invocations
  8038 | D:10     | Reached skill level 12 in Long Blades
  8183 | D:10     | Found a staircase to the Lair.
  8821 | D:10     | Noticed Nergalle
  9012 | D:9      | HP: 2/77 [spectral orc warrior/+0 trident[Nergalle] (2)]
  9015 | D:9      | Killed Nergalle
  9016 | D:9      | Reached skill level 6 in Throwing
  9308 | D:10     | Found a portal to a secret trove of treasure.
  9341 | D:10     | Found a staircase to the Orcish Mines.
  9502 | D:10     | Noticed Erolcha
  9519 | D:10     | Killed Erolcha
  9868 | D:11     | Found a transporter.
  9868 | D:11     | Noticed starts1789's ghost (journeyman TeCj)
  9872 | D:11     | Found the +5 demon whip "Spellbinder" {antimagic, disrupt,
                  | Will+}
  9873 | D:11     | Found a transporter.
  9899 | D:11     | Noticed a brown ugly thing
  9904 | D:11     | Noticed a skeletal warrior
  9935 | D:11     | Killed a brown ugly thing
  9950 | D:11     | Noticed a skeletal warrior
  9950 | D:11     | Noticed a skeletal warrior
  9951 | D:11     | Noticed a skeletal warrior
  9969 | D:11     | Reached skill level 6 in Evocations
 10055 | D:11     | Noticed Sonja
 10060 | D:11     | Sonja changed into Sonja the golden eye
 10060 | D:11     | Noticed Sonja
 10076 | D:11     | Killed Sonja the golden eye
 10089 | D:11     | Noticed Fannar
 10116 | D:11     | Killed Fannar
 10117 | D:11     | Reached skill level 8 in Fighting
 10117 | D:11     | Reached skill level 8 in Dodging
 10382 | D:11     | Noticed Harold
 10405 | D:11     | Killed Harold
 10406 | D:11     | Reached XP level 12. HP: 14/92 MP: 17/17
 10424 | D:11     | Gained mutation: Your mind is acute. (Int +4, Str/Dex -1)
                  | [potion of mutation]
 10424 | D:11     | Gained mutation: Your body sometimes deteriorates upon
                  | taking damage. [potion of mutation]
 10424 | D:11     | Gained mutation: You are partially covered in iridescent
                  | scales. (AC +2) [potion of mutation]
 10425 | D:11     | HP: 2/92 [skeletal warrior/+0 war axe (4)]
 10429 | D:11     | Slain by a skeletal warrior

Illustrated notes

Levels and vault maps discovered:
D:1:      minmay_arrival_wavy_path, layout_basic, shapermc_ecumenical_altar_gd
D:2:      layout_rooms, grunt_decor_cap, minivault_4, minmay_pentomino_v4
D:3:      layout_rooms, okawaru_metal_pillars_1_2, serial_co_window_serial,
          co_window_paths_b, co_window_paths_a, co_window_corner_a,
          co_window_paths_b, co_window_cross_1, co_window_paths_c,
          co_window_of_opportunity_c, co_window_paths_c, co_window_paths_d,
          co_window_4corner_b, glass_columns_b, uniq_terence
D:4:      layout_rooms, nemelex_spade_bored_becter,
          lemuel_coloured_pillars_altar, minmay_temple_entry_butterflies,
          gammafunk_ghost_stat_death, uniq_menkaure, uniq_robin, uniq_edmund,
          uniq_natasha, uniq_blork_the_orc
D:5:      layout_basic, nicolae_shop_vocational
D:6:      layout_layer_cave, mainiacjoe_overflow_two_lobes,
          ebering_ghost_inner_flame, chequers_decorated_corner
D:7:      layout_basic, amcnicky_altar_gilded, lemuel_round_altar,
          enter_ossuary_2, st_stairs_12, uniq_pikel
D:8:      layout_basic, mainiacjoe_overflow_paths, trog_wizard
D:9:      layout_rooms, serial_shops, shop
D:10:     kennysheep_blocky_hall, layout_irregular_city,
          erik_lair_orcish_takeover, zombieorc2_lemuel,
          nicolae_trove_entry_crossroad, minmay_statues_item, uniq_erolcha,
          uniq_nergalle
D:11:     layout_loops_ring, gammafunk_ghost_hive, uniq_sonja, uniq_harold,
          uniq_fannar
Temple:   hellmonk_temple_divided_pantheon

Skill      XL: |  1  2  3  4  5  6  7  8  9 10 11 |
---------------+----------------------------------+-----
Long Blades    | 3 4 5 6 7 8 9 10 11 12 | 12.9
Throwing       | 1 2 3 4 5 6 |  6.5
Dodging        | 1 2 4 5 6 8 |  8.2
Invocations    | 1 2 3 4 5 6 |  6.8
Evocations     | 1 2 4 5 6 |  6.2
Fighting       | 4 5 6 8 |  8.1
Armour         | 3 4 5 |  5.5
Shields        | |  3.0

Action                     |  1- 3 |  4- 6 |  7- 9 | 10-12 || total
---------------------------+-------+-------+-------+-------++-------
  Melee: Long sword        |   136 |    85 |   535 |   549 ||  1305
         Scimitar          |       |       |       |   391 ||   391
  Throw: Dart              |       |       |       |     9 ||     9
   Cast: Apportation       |       |       |       |     1 ||     1
 Invoke: Heroism           |       |       |     2 |    14 ||    16
         Finesse           |       |       |       |     1 ||     1
  Evoke: Wand              |       |       |       |     6 ||     6
    Use: Potion            |       |       |     1 |     8 ||     9
 Armour: Scale mail        |   113 |       |       |       ||   113
         Chain mail        |       |    69 |   268 |       ||   337
         Plate armour      |       |       |   168 |   824 ||   992
         Skin              |       |       |       |    11 ||    11
  Dodge: Dodged            |    62 |    29 |   217 |   326 ||   634
  Block: Buckler           |    28 |    16 |   134 |   232 ||   410

Table legend: (Time is in decaauts)
 A = Elapsed time spent in this place.
 B = Non-inter-level travel time spent in this place.
 C = Inter-level travel time spent in this place.
 D = Time resting spent in this place.
 E = Time spent auto-exploring this place.
 F = Levels seen in this place.
 G = Mean time per level.
                   A        B        C        D        E       F      G
               +--------+--------+--------+--------+--------+-----+--------+
         Total |  10299 |  10007 |    292 |   1677 |   5297 |  13 |  792.2 |
       Dungeon |  10102 |   9820 |    282 |   1663 |   5264 |  11 |  918.4 |
        Temple |     64 |     54 |     10 |     14 |      0 |   1 |   64.0 |
       Ossuary |    132 |    132 |      0 |      0 |     33 |   1 |  132.0 |
               +--------+--------+--------+--------+--------+-----+--------+

Top non-repeatable levels by time:
     D:9: 2037 daAuts
     D:6: 1349 daAuts
    D:10: 1011 daAuts
     D:3: 970 daAuts
     D:5: 927 daAuts
     D:7: 758 daAuts
     D:4: 756 daAuts
     D:1: 701 daAuts
    D:11: 569 daAuts
     D:8: 561 daAuts
     D:2: 460 daAuts
 Ossuary: 132 daAuts
  Temple: 64 daAuts
